 Dungeon Crawl Stone Soup version 0.28.0-43-g3370ac3207 (webtiles) character file.

Game seed: 9036126644556449747

7 zeratav the Sneak (level 1, 0/9 HPs)
             Began as a Spriggan Enchanter on Mar 31, 2022.
             Slain by a kobold
             ... wielding a +0 short sword
              (5 damage)
             ... on level 1 of the Dungeon.
             The game lasted 00:01:16 (369 turns).

zeratav the Sneak (Spriggan Enchanter)               Turns: 369, Time: 00:01:17

Health: 0/9        AC:  2    Str:  4    XL:     1   Next: 83%
Magic:  5/5        EV: 17    Int: 16    God:
Gold:   0          SH:  0    Dex: 15    Spells: 5/5 levels left

rFire   . . .      SeeInvis +   a - +1 dagger
rCold   . . .      Faith    .   (no shield)
rNeg    . . .      Spirit   .   b - +0 robe
rPois   .          Reflect  .   e - +0 hat
rElec   .          Harm     .   (no cloak)
rCorr   .          Rampage  .   (gloves unavailable)
Will    .....                   (boots unavailable)
Stlth   +++.......              (no amulet)
HPRegen 0.03/turn               (no ring)
MPRegen 0.09/turn               (no ring)

@: very quick
A: very small, no large weapons, unfitting armour, see invisible, speed 3
a: no special abilities


You were on level 1 of the Dungeon.
You visited 1 branch of the dungeon, and saw 1 of its levels.

Inventory:

Hand Weapons
 a - a +1 dagger (weapon)
Missiles
 d - a stone (quivered)
Armour
 b - a +0 robe (worn)
 e - a +0 hat (worn)
Potions
 c - a potion of invisibility


   Skills:
 + Level 1.1 Short Blades
 + Level 2.8 Dodging
 + Level 4.9 Stealth
 + Level 2.7 Spellcasting
 + Level 3.7 Hexes


You had 5 spell levels left.
You didn't know any spells.
Your spell library contained the following spells:

 Spells                   Type           Power      Damage    Failure   Level
 Confusing Touch          Hex            14%        N/A       12%         3
 Tukima's Dance           Hex            14%        N/A       12%         3
 Ensorcelled Hibernation  Hex/Ice        16%        N/A       14%         2
 Dazzling Flash           Conj/Hex       16%        N/A       26%         3


Dungeon Overview and Level Annotations

Branches:
Dungeon (1/15)

Altars:


Innate Abilities, Weirdness & Mutations

You are very small and have problems with some larger weapons.
You are too small for most types of armour.
You have supernaturally acute eyesight. (SInv)
You cover ground extremely quickly. (Speed+++)


Message History

A kobold comes into view. It is wielding a +0 short sword.
The goblin closely misses you.
A giant cockroach comes into view.
You closely miss the goblin. The goblin hits you with a +0 dagger.
You completely miss the goblin.
The giant cockroach waves its antennae.
The goblin completely misses you.
You hit the goblin.
The goblin is heavily wounded.
The goblin barely misses you.
You barely miss the goblin.
The goblin is heavily wounded.
The goblin closely misses you.
You barely miss the goblin.
The goblin is heavily wounded.
The goblin misses you.
You hit the goblin.
You kill the goblin!
The bat hits you but does no damage. x2
You barely miss the bat. You punch the bat.
The bat is heavily wounded.
The bat closely misses you.
You hit the bat but do no damage.
The bat is moderately wounded.
The bat hits you but does no damage. The kobold closely misses you.
The bat barely misses you. The bat completely misses you.
The bat barely misses you.
You hit the bat.
The bat is heavily wounded.
The bat misses you. x2
You hit the bat.
You kill the bat!
You hit the kobold.
The kobold is moderately wounded.
The kobold misses you.
You hit the kobold.
The kobold is severely wounded.
The kobold hits you with a +0 short sword.
Ouch! That really hurt!
You die...

#..........# #
#..........# #
#..........# #
#..........# # #
#..........# ##. #
#..........# ...
#..........######.##..
#
#..........##........
# #..........'@KB..# #
###..........###.###
###............# #).#
....######'##### ##)#
##### #.# B.. #.#
.##.. #.# .. #.# #.#
#. . #.# ..


You could see a giant cockroach and a kobold.

Vanquished Creatures
  A bat (D:1)
  A goblin (D:1)
  2 kobolds (D:1)
  3 ball pythons (D:1)
7 creatures vanquished.

Notes
Turn   | Place    | Note
-------+----------+-------------------------------------------
     0 | D:1      | zeratav the Spriggan Enchanter began the quest for the Orb.
     0 | D:1      | Reached XP level 1. HP: 9/9 MP: 5/5
   369 | D:1      | Slain by a kobold

Illustrated notes

Levels and vault maps discovered:
D:1:      minmay_arrival_hallway, layout_basic,
          hellmonk_ecumenical_altar_lost_god, kennysheep_nondescript,
          minmay_hexomino_r4

Action                   || total
-------------------------++-------
Melee: Dagger            ||    25
       Punch             ||     1
 Stab: Distracted        ||     1
Armor: Robe              ||     3
Dodge: Dodged            ||    22
